 Dungeon Crawl Stone Soup version 0.28-a0-1429-gf3d713df7a (webtiles) character file.

Game seed: 17436516504038284256

28 HallandMoats the Skirmisher (level 3, -9/29 HPs)
             Began as a Demonspawn Fighter on Jan 9, 2022.
             Was a Follower of Cheibriados.
             Mangled by an ogre (23 damage)
             ... on level 2 of the Dungeon.
             The game lasted 00:01:22 (1185 turns).

HallandMoats the Skirmisher (Demonspawn Fighter)    Turns: 1185, Time: 00:01:22

Health: -9/29      AC:  7    Str: 21    XL:     3   Next: 0%
Magic:  3/3        EV:  9    Int: 12    God:    Cheibriados [*.....]
Gold:   69         SH:  5    Dex: 15    Spells: 2/2 levels left

rFire   . . .      SeeInvis .   a - +0 war axe
rCold   . . .      Faith    .   c - +0 buckler
rNeg    . . .      Spirit   .   b - +0 scale mail
rPois   .          Reflect  .   (no helmet)
rElec   .          Harm     .   (no cloak)
rCorr   .          Rampage  .   f - +0 pair of gloves
Will    .....                   (no boots)
Stlth   ..........              (no amulet)
HPRegen 0.09/turn               (no ring)
MPRegen 0.08/turn               (no ring)

@: mighty, very slow
A: spiny 1
a: Renounce Religion, Bend Time


You were on level 2 of the Dungeon.
You worshipped Cheibriados.
Cheibriados was aware of your devotion.
You visited 1 branch of the dungeon, and saw 2 of its levels.

You collected 69 gold pieces.

Inventory:

Hand Weapons
 a - a +0 war axe (weapon)
Armour
 b - a +0 scale mail (worn)
 c - a +0 buckler (worn)
 f - a +0 pair of gloves (worn)
Scrolls
 e - a scroll of identify {unknown}
 h - a scroll of vulnerability {unknown}
 j - a scroll of brand weapon {unknown}
 k - a scroll of enchant weapon {unknown}
Potions
 g - 2 potions of heal wounds {unknown}
 i - a potion of magic {unknown}


   Skills:
 + Level 3.2 Fighting
 + Level 2.1 Axes
 + Level 2.9 Armour
 + Level 0.6 Dodging
 * Level 3.1 Shields
 * Level 0.0 Invocations


You had 2 spell levels left.
You didn't know any spells.
Your spell library was empty.

Dungeon Overview and Level Annotations

Branches:
Dungeon (2/15)

Altars:
Cheibriados


Innate Abilities, Weirdness & Mutations

You are partially covered in sharp spines.


Message History

You hit the rat.
You kill the rat!
Cheibriados thoroughly appreciates the change of pace.
No target in view!
No target in view!
You see here a rat corpse.
Found an escape hatch in the floor.
Found a robe.
A goblin comes into view. It is wielding a +0 dagger.
The goblin shouts!
A goblin is nearby!
A goblin is nearby!
You hit the goblin.
The goblin is almost dead.
The goblin hits you with a +0 dagger.
You slash the goblin!
You kill the goblin!
Cheibriados thoroughly appreciates the change of pace.
An ogre comes into view. It is wielding a +0 giant club.
You have reached level 3!
Your experience leads to an increase in your attributes!
Your base attributes are Str 16, Int 9, Dex 12.
Increase (S)trength, (I)ntelligence, or (D)exterity?
You feel stronger. x2
You feel very mighty all of a sudden.
You hit the ogre.
The ogre is lightly wounded.
The ogre is struck by your spines. The ogre hits you with a +0 giant club!
You are too injured to fight recklessly!
You are too injured to fight recklessly!
You are too injured to fight recklessly!
You are too injured to fight recklessly!
You hit the ogre.
The ogre is moderately wounded.
You block the ogre's attack.
You closely miss the ogre.
The ogre is moderately wounded.
The ogre hits you with a +0 giant club!!
Ouch! That really hurt!
You die...

.........>.
.##.#######
###.# ### #.#
.. #.########
.. #........#
.# ########.#
.#
#.######[###.#
#.##...@O....#
#.##.#######.#
#.##.# #.##.#
#....# ####.#
#.# #.# #..


You could see an ogre.

Vanquished Creatures
  A dart slug (D:1)
  6 ball pythons (D:1)
  3 endoplasms (D:1)
  4 goblins
  2 hobgoblins (D:1)
  2 jackals (D:1)
  A kobold (D:1)
  A quokka (D:1)
  A bat (D:1)
  2 rats
23 creatures vanquished.

Notes
Turn   | Place    | Note
-------+----------+-------------------------------------------
     0 | D:1      | HallandMoats the Demonspawn Fighter began the quest for the
                  | Orb.
     0 | D:1      | Reached XP level 1. HP: 18/18 MP: 1/1
   392 | D:1      | Gained mutation: You are partially covered in sharp spines.
                  | [demonic ancestry]
   392 | D:1      | Reached XP level 2. HP: 18/24 MP: 2/2
   485 | D:1      | Found a faded altar of an unknown god.
   548 | D:1      | Prayed at the altar of an unknown god.
   548 | D:1      | Became a worshipper of Cheibriados the Contemplative
   548 | D:1      | Reached * piety under Cheibriados
  1178 | D:2      | Noticed an ogre
  1179 | D:2      | Reached XP level 3. HP: 26/29 MP: 3/3
  1185 | D:2      | Mangled by an ogre

Illustrated notes

Levels and vault maps discovered:
D:1:      lightli_arrival_windingriver, layout_basic,
          nicolae_ecumenical_snake_handling
D:2:      layout_loops_ring, basic_altar, hangedman_decor_push, moated_statue,
          uniq_terence

Skill      XL: |  1  2 |
---------------+-------+-----
Axes           | 2 |  2.1
Shields        | 3 |  3.1
Fighting       | |  3.2
Armour         | |  2.9
Dodging        | |  0.6

Action                   || total
-------------------------++-------
Melee: War axe           ||    52
  Use: Potion            ||     1
Armor: Scale mail        ||    23
Dodge: Dodged            ||    11
Block: Buckler           ||    10

Table legend: (Time is in decaauts)
 A = Elapsed time spent in this place.
 B = Non-inter-level travel time spent in this place.
 C = Inter-level travel time spent in this place.
 D = Time resting spent in this place.
 E = Time spent auto-exploring this place.
 F = Levels seen in this place.
 G = Mean time per level.
                   A        B        C        D        E       F      G
               +--------+--------+--------+--------+--------+-----+--------+
         Total |   1438 |   1374 |     64 |    276 |    922 |   2 |  719.0 |
       Dungeon |   1438 |   1374 |     64 |    276 |    922 |   2 |  719.0 |
               +--------+--------+--------+--------+--------+-----+--------+

Top non-repeatable levels by time:
     D:1: 1366 daAuts
     D:2: 72 daAuts
